 Dungeon Crawl Stone Soup version 0.30-a0-414-gcb316572d5 (webtiles) character file.

Game seed: 11435051742574682784

33 McMuffin the Trooper (level 3, -4/33 HPs)
             Began as a Hill Orc Fighter on Dec 7, 2022.
             Slain by a gnoll
             ... wielding a +0 flail of protection
              (11 damage)
             ... on level 2 of the Dungeon.
             The game lasted 00:05:16 (703 turns).

McMuffin the Trooper (Hill Orc Fighter)              Turns: 703, Time: 00:05:16

Health: -4/33      AC:  7    Str: 20    XL:     3   Next: 29%
Magic:  3/3        EV:  9    Int:  8    God:
Gold:   48         SH:  4    Dex: 10    Spells: 2/2 levels left

rFire   . . .      SeeInvis .    d - +1 flail (flame)
rCold   . . .      Faith    .    c - +0 buckler
rNeg    . . .      Spirit   .    b - +0 scale mail
rPois   .          Reflect  .    (no helmet)
rElec   .          Harm     .    (no cloak)
rCorr   +          Rampage  .    (no gloves)
Will    .....                    (no boots)
Stlth   ..........               e - amulet of magic regeneration
HPRegen 0.25/turn                p - ring of resist corrosion
MPRegen 0.48/turn                (no ring)

@: no status effects
A: no striking features
a: no special abilities


You were on level 2 of the Dungeon.
You visited 1 branch of the dungeon, and saw 2 of its levels.

You collected 48 gold pieces.

Inventory:

Hand Weapons
 a - a +0 war axe
 d - a +1 flail of flaming (weapon)
Missiles
 j - 3 silver boomerangs (quivered)
Armour
 b - a +0 scale mail (worn)
 c - a +0 buckler (worn)
 l - a +0 scale mail
Magical Staves
 i - a staff of fire
 o - a staff of fire
Jewellery
 e - an amulet of magic regeneration (around neck)
 p - a ring of resist corrosion (left hand)
Potions
 f - 2 potions of curing {unknown}
 g - a potion of haste {unknown}
 m - a potion of brilliance {unknown}
 n - a potion of heal wounds


   Skills:
 + Level 4.2 Fighting
 + Level 3.0 Axes
 + Level 3.8 Armour
 + Level 3.6 Shields


You had 2 spell levels left.
You didn't know any spells.
Your spell library was empty.

Dungeon Overview and Level Annotations

Branches:
Dungeon (2/15)

Altars:


Message History

As you read the scroll labelled BED GIAGIYTZ, it crumbles to dust.
Your body is wracked with pain!
It was a scroll of torment.
You start resting.
HP restored.
Blink to where?
Press: ? - help, Dir - move target
As you read the scroll labelled KURUZX MUXAPA, it crumbles to dust.
It was a scroll of blinking.
There is a stone staircase leading down here.
You climb downwards.
The gnoll shouts!
There is a stone staircase leading up here.
A bat and a gnoll come into view.
Found a scroll of blinking.
The gnoll shouts!
The gnoll hits you but does no damage. The bat hits you but does no damage.
You sock the bat! You burn the bat.
You kill the bat!
The gnoll hits you from afar with a +0 halberd!
The gnoll barely misses you.
You barely miss the gnoll. The gnoll closely misses you.
You hit the gnoll. You burn the gnoll.
The gnoll is moderately wounded.
The gnoll completely misses you.
You barely miss the gnoll. The gnoll closely misses you.
The gnoll barely misses you.
You barely miss the gnoll. The gnoll closely misses you.
The gnoll hits you with a +0 flail of protection.
You block the gnoll's attack.
The gnoll hits you with a +0 flail of protection.
You closely miss the gnoll. The gnoll closely misses you.
The gnoll hits you with a +0 flail of protection.
You closely miss the gnoll.
The gnoll hits you from afar with a +0 halberd.
The gnoll hits you with a +0 flail of protection!
* * * LOW HITPOINT WARNING * * *
You closely miss the gnoll. The gnoll barely misses you.
The gnoll hits you with a +0 flail of protection!
You die...

#. .. # .. .#
.##. .#
...###.
#..#..
####..#.#
#......g#####
#......gg@..#
......#<#####
?.... #.#
.##. ..# #
..## ... ....
..... ##....


You could see 3 gnolls.

Vanquished Creatures
  A gnoll (D:1)
  A ball python (D:1)
  3 endoplasms (D:1)
  A giant cockroach (D:1)
  6 hobgoblins (D:1)
  A quokka (D:1)
  3 bats
  A frilled lizard (D:1)
  3 goblins (D:1)
  A kobold (D:1)
21 creatures vanquished.

Vanquished Creatures (others)
  6 plants (D:1)
6 creatures vanquished.

Grand Total: 27 creatures vanquished

Notes
Turn   | Place    | Note
-------+----------+-------------------------------------------
     0 | D:1      | McMuffin the Hill Orc Fighter began the quest for the Orb.
     0 | D:1      | Reached XP level 1. HP: 19/19 MP: 1/1
    56 | D:1      | Reached XP level 2. HP: 24/27 MP: 2/2
   138 | D:1      | Reached skill level 4 in Fighting
   263 | D:1      | Reached XP level 3. HP: 14/33 MP: 3/3
   703 | D:2      | Slain by a gnoll

Illustrated notes

Levels and vault maps discovered:
D:1:      roderic_crop_circles_arrival_small, layout_basic,
          minmay_tiny_reverse_x
D:2:      layout_rooms, basic_altar, uniq_robin

Skill      XL: |  1  2  3 |
---------------+----------+-----
Fighting       | 4 |  4.2
Axes           | 3 |  3.0
Armour         | |  3.8
Shields        | |  3.6

Action                   || total
-------------------------++-------
Melee: War axe           ||    44
       Flail             ||    20
  Use: Potion            ||     2
       Scroll            ||     5
Armor: Scale mail        ||    31
Dodge: Dodged            ||    39
Block: Buckler           ||    12

Table legend: (Time is in decaauts)
 A = Elapsed time spent in this place.
 B = Non-inter-level travel time spent in this place.
 C = Inter-level travel time spent in this place.
 D = Time resting spent in this place.
 E = Time spent auto-exploring this place.
 F = Levels seen in this place.
 G = Mean time per level.
                   A        B        C        D        E       F      G
               +--------+--------+--------+--------+--------+-----+--------+
         Total |    727 |    727 |      0 |     84 |      0 |   2 |  363.5 |
       Dungeon |    727 |    727 |      0 |     84 |      0 |   2 |  363.5 |
               +--------+--------+--------+--------+--------+-----+--------+

Top non-repeatable levels by time:
     D:1: 711 daAuts
     D:2: 15 daAuts
